 Dungeon Crawl Stone Soup version 0.21.0-3-g78d12a8 (webtiles) character file.

32659 dobroeutro the Carver (level 13, -5/106 HPs)
             Began as a Demonspawn Fighter on Jan 13, 2018.
             Was the Champion of Makhleb.
             Slain by Feta's ghost (14 damage)
             ... while paralysed
             ... on level 11 of the Dungeon.
             The game lasted 00:37:25 (14974 turns).

dobroeutro the Carver (Demonspawn Fighter)         Turns: 14974, Time: 00:37:26

Health: -5/106     AC: 15    Str: 22    XL:     13   Next: 32%
Magic:  17/17      EV:  2    Int:  9    God:    Makhleb [******]
Gold:   1014       SH:  0    Dex: 13    Spells: 12/12 levels left

rFire    . . .     SeeInvis .   F - +2 scimitar (drain)
rCold    + + .     Gourm    .   c - +0 shield
rNeg     . . .     Faith    .   d - +0 ice dragon scales
rPois    .         Spirit   .   p - +0 helmet
rElec    .         Reflect  .   (no cloak)
rCorr    .         Harm     .   (no gloves)
MR       +....                  (boots unavailable)
Stlth    ..........             i - amulet of rage
HPRegen  0.27/turn              D - ring of protection from fire
MPRegen  0.15/turn              L - ring of protection from magic

@: paralysed, lethally poisoned (-5 -> -5), berserk cooldown, slowed
A: hooves 3, rugged brown scales 1, spiny 1, rot immunity
a: Minor Destruction, Lesser Servant of Makhleb, Major Destruction, Greater
Servant of Makhleb, Renounce Religion, Evoke Berserk Rage


You were on level 11 of the Dungeon.
You worshipped Makhleb.
Makhleb was exalted by your worship.
You were very hungry.

You visited 2 branches of the dungeon, and saw 14 of its levels.
You also visited: Sewer, Ossuary and Ice Cave.

You collected 1201 gold pieces.
You spent 187 gold pieces at shops.

Inventory:

Hand Weapons
 a - a +1 long sword
 b - the +11 mace of Variability {chaos}
   (You found it on level 9 of the Dungeon)

   Each time it hits an enemy it has a different, random effect.
 F - a +2 scimitar of draining (weapon)
Armour
 c - a +0 shield (worn)
 d - +0 ice dragon scales (worn)
 e - a +1 pair of boots of stealth
 p - a +0 helmet (worn)
 I - a +2 chain mail of fire resistance
 K - a cursed +0 pair of boots
Jewellery
 i - an amulet of rage (around neck)
 k - an uncursed ring of resist corrosion
 x - an uncursed ring of wizardry
 D - a ring of protection from fire (left hand)
 L - a ring of protection from magic (right hand)
 M - an uncursed ring of ice
 N - an uncursed ring of protection from cold {unknown}
 O - an uncursed ring of flight {unknown}
Wands
 o - a wand of paralysis (4)
 s - a wand of digging (19)
 A - a wand of iceblast (15)
Scrolls
 g - 3 scrolls of identify
 j - 6 scrolls of remove curse
 r - 3 scrolls of fear
 u - 3 scrolls of enchant weapon
 y - 2 scrolls of fog
 B - a scroll of magic mapping
 P - a scroll of amnesia {unknown}
 R - a scroll of teleportation
Potions
 h - a potion of ambrosia
 l - 2 potions of haste
 m - 5 potions of agility
 n - a potion of berserk rage
 q - 5 potions of heal wounds
 t - a potion of mutation
 v - 6 potions of brilliance
 w - 2 potions of flight
 z - 7 potions of curing
 C - 3 potions of invisibility {unknown}
 E - 2 potions of degeneration {unknown}
 G - a potion of lignification {unknown}
 H - 3 potions of cancellation {unknown}
 J - a potion of resistance
 Q - a potion of magic {unknown}
Comestibles
 f - 11 rations


   Skills:
 + Level 10.1 Fighting
 * Level 13.9 Long Blades
 + Level 9.3 Armour
 + Level 8.1 Dodging
 - Level 4.4 Shields
 + Level 5.6 Invocations


You had 12 spell levels left.
You didn't know any spells.

Dungeon Overview and Level Annotations

Branches:
Dungeon (14/15)            Temple (1/1) D:4             Orc (0/2) D:12
   Lair: D:8-11      Vaults: D:13-14

Altars:
Ashenzari
Cheibriados
Dithmenos
Elyvilon
Gozag
Hepliaklqana
Kikubaaqudgha
Makhleb
Nemelex Xobeh
Okawaru
Qazlal
Sif Muna
Trog
Uskayaw
Vehumet
Wu Jian
Xom
Zin
The Shining One
Beogh

Shops:
D:8 *   D:9 *   D:13 =

Annotations:
D:7 1 exclusion
D:11 Feta's ghost, journeyman FoFi


Innate Abilities, Weirdness & Mutations

You have hooves in place of feet.
You are partially covered in rugged brown scales. (AC +1, +3% HP)
You are partially covered in sharp spines.
You are immune to rotting.


Message History

You feel sick.
You hit Feta's ghost but do no damage. Your kick misses Feta's ghost.
Feta's ghost is heavily damaged.
You block Feta's ghost's attack.
You hit Feta's ghost.
Feta's ghost is heavily damaged.
You closely miss Feta's ghost.
You kick Feta's ghost, but do no damage.
Feta's ghost is heavily damaged.
Feta's ghost hits you!!
* * * LOW HITPOINT WARNING * * *
Press: ? - help, v - describe, . - travel
Here: Feta's ghost (heavily damaged)
The floor, spattered with blood.
You are no longer berserk.
You pass out from exhaustion.
You feel yourself slow down.
You feel sick. Feta's ghost hits you!
You die...

########### ############
#..........
...........###..........
...........#.'..........
...........#.#..W.......
...........'.#..@.......
...........###..........
...........# #..........
#'########## ###'#######
#.### #.# #...### #.#
###...# #.#
#####'####### #.#
..>)...>....#


You could see Feta's ghost.

Vanquished Creatures
  Kirke (D:14)
  The ghost of PeterMcNeter the Destroyer, a journeyman DECj of Vehumet (D:13)
  2 ice dragons (IceCv)
  A hydra (D:12)
  A centaur warrior (D:13)
  5 two-headed ogres
  A death knight (D:13)
  A tengu warrior (D:13)
  Urug (D:14)
  2 ugly things
  A manticore (D:11)
  A cyclops (D:13)
  Joseph (D:9)
  2 ice statues (IceCv)
  Psyche (D:8)
  A kobold demonologist (D:13)
  2 rime drakes (IceCv)
  5 meliai (D:13)
  A hornet (D:11)
  2 trolls
  3 hippogriffs
  10 slime creatures (D:13)
  A spriggan (D:7)
  A vampire (D:12)
  A wraith (D:13)
  3 chaos spawn (D:9)
  20 yaks
  2 wyverns
  A basilisk (D:12)
  3 hogs (D:14)
  Grum (D:8)
  4 vampire mosquitoes (D:12)
  Menkaure (D:7)
  A steam dragon (D:13)
  Edmund (D:5)
  An acid dragon (D:13)
  Duvessa (D:5)
  A water moccasin (D:12)
  3 sky beasts
  27 ice beasts
  7 orc warriors
  2 phantoms
  3 eyes of draining
  3 ogres
  A necrophage (D:11)
  2 wolves (D:8)
  7 centaurs
  4 big kobolds
  6 bullfrogs
  A water moccasin zombie (Ossuary)
  7 scorpions
  Dowan (D:5)
  3 wights (D:14)
  6 howler monkeys (D:8)
  4 crimson imps
  4 bullfrog zombies (Ossuary)
  7 centaur zombies
  2 hounds
  13 orc wizards
  3 bullfrog skeletons
  10 orc priests
  2 centaur skeletons
  4 jellies
  2 iguanas
  6 worker ants
  A killer bee zombie (D:8)
  3 hound zombies
  13 mummies (Ossuary)
  2 worker ant zombies (Ossuary)
  7 gnolls
  9 adders
  3 river rats (D:6)
  2 shadow imps
  3 oozes (Sewer)
  5 adder zombies
  2 adder skeletons
  A worm (D:2)
  5 dart slugs
  4 leopard geckos
  62 orcs
  8 ball pythons
  5 bats
  7 goblins
  12 hobgoblins
  11 jackals
  6 quokkas
  6 frilled lizards
  12 giant cockroaches
  A giant cockroach zombie (Ossuary)
  A jackal zombie (D:6)
  21 kobolds
  2 quokka zombies (Ossuary)
  6 rats
449 creatures vanquished.

Vanquished Creatures (others)
  3 withered plants (Ossuary)
3 creatures vanquished.

Grand Total: 452 creatures vanquished

Notes
Turn   | Place    | Note
-------+----------+-------------------------------------------
     0 | D:1      | dobroeutro the Demonspawn Fighter began the quest for the Orb.
     0 | D:1      | Reached XP level 1. HP: 18/18 MP: 1/1
    11 | D:1      | Reached skill level 2 in Long Blades
   136 | D:1      | Gained mutation: You are partially covered in rugged brown scales. (AC +1, +3% HP) [demonic ancestry]
   136 | D:1      | Reached XP level 2. HP: 14/24 MP: 2/2
   402 | D:1      | Reached skill level 3 in Long Blades
   679 | D:1      | Gained mutation: You are partially covered in sharp spines. [demonic ancestry]
   679 | D:1      | Reached XP level 3. HP: 29/29 MP: 3/3
  1050 | D:2      | Found a glowing silver altar of Zin.
  1141 | D:2      | Reached skill level 4 in Long Blades
  1141 | D:2      | Reached XP level 4. HP: 20/36 MP: 4/4
  1167 | D:2      | Found a sparkling altar of Nemelex Xobeh.
  1852 | D:3      | Found a hide-covered altar of Uskayaw.
  1916 | D:3      | Reached XP level 5. HP: 42/42 MP: 5/5
  1919 | D:3      | Reached skill level 5 in Long Blades
  2474 | D:4      | Gained mutation: You are immune to rotting. [demonic ancestry]
  2474 | D:4      | Reached XP level 6. HP: 48/48 MP: 6/6
  2509 | D:4      | Reached skill level 6 in Long Blades
  2679 | D:4      | Found a staircase to the Ecumenical Temple.
  2800 | Temple   | Entered the Ecumenical Temple
  2855 | Temple   | Became a worshipper of Makhleb the Destroyer
  3262 | D:5      | Entered Level 5 of the Dungeon
  3262 | D:5      | Noticed Edmund
  3279 | D:5      | Killed Edmund
  3279 | D:5      | Reached skill level 7 in Long Blades
  3279 | D:5      | Gained mutation: You have large cloven feet. [demonic ancestry]
  3279 | D:5      | Reached XP level 7. HP: 34/53 MP: 7/7
  3283 | D:5      | Found an iron altar of Okawaru.
  3550 | D:5      | Noticed Dowan
  3560 | D:5      | Killed Dowan
  3563 | D:5      | Noticed Duvessa
  3584 | D:5      | Killed Duvessa
  4263 | D:5      | Gained mutation: You have hoof-like feet. [demonic ancestry]
  4263 | D:5      | Reached XP level 8. HP: 54/61 MP: 8/8
  4542 | D:6      | Reached skill level 8 in Long Blades
  4662 | D:6      | Found a glowing golden altar of the Shining One.
  4684 | D:6      | Reached * piety under Makhleb
  4816 | D:6      | Found a glowing drain.
  4826 | Sewer    | Entered a sewer
  5160 | Sewer    | Reached ** piety under Makhleb
  5428 | D:6      | Reached XP level 9. HP: 38/69 MP: 9/9
  5573 | D:7      | Reached skill level 5 in Fighting
  5585 | D:7      | Reached skill level 9 in Long Blades
  5592 | D:7      | Reached skill level 1 in Dodging
  5640 | D:7      | Found a white marble altar of Elyvilon.
  5836 | D:7      | Found a deep blue altar of Sif Muna.
  5903 | D:7      | Noticed Menkaure
  5927 | D:7      | Killed Menkaure
  6124 | D:7      | Reached skill level 5 in Armour
  6220 | D:7      | Found an ornate altar of the Wu Jian Council.
  6276 | D:8      | Noticed Psyche
  6285 | D:8      | Killed Psyche
  6296 | D:8      | Found Veuwnom's Changing Room.
  6331 | D:8      | Noticed Grum
  6341 | D:8      | Killed Grum
  6341 | D:8      | Reached skill level 10 in Long Blades
  6420 | D:8      | Found a sand-covered staircase.
  6427 | Ossuary  | Entered an ossuary
  6558 | Ossuary  | Reached *** piety under Makhleb
  6623 | Ossuary  | Reached XP level 10. HP: 78/78 MP: 10/10
  7289 | D:8      | Reached **** piety under Makhleb
  7941 | D:9      | Noticed a two-headed ogre
  7952 | D:9      | Killed a two-headed ogre
  7952 | D:9      | Reached skill level 11 in Long Blades
  8055 | D:9      | Found Peqan's Assorted Antiques.
  8068 | D:9      | Bought a runed chain mail for 187 gold pieces
  8079 | D:9      | Noticed a two-headed ogre
  8089 | D:9      | Killed a two-headed ogre
  8177 | D:9      | Noticed a two-headed ogre
  8186 | D:9      | Killed a two-headed ogre
  8186 | D:9      | Reached skill level 5 in Dodging
  8186 | D:9      | Reached XP level 11. HP: 86/86 MP: 11/11
  8229 | D:9      | Found a shimmering altar of Xom.
  8231 | D:9      | Found the +11 mace of Variability {chaos}
  8462 | D:9      | Noticed Joseph
  8477 | D:9      | Killed Joseph
  8573 | D:9      | You fall through a shaft for 3 floors!
  8865 | D:11     | Reached ***** piety under Makhleb
  8896 | D:11     | Noticed a six-headed hydra
 10042 | D:12     | Noticed a two-headed ogre
 10198 | D:12     | Killed a two-headed ogre
 10198 | D:12     | Reached skill level 12 in Long Blades
 11044 | D:13     | Noticed a red ugly thing
 11056 | D:13     | Killed a red ugly thing
 11251 | D:11     | Noticed a brown ugly thing
 11266 | D:12     | Killed a brown ugly thing
 11329 | D:13     | Noticed PeterMcNeter's ghost (journeyman DECj)
 11334 | D:13     | Noticed a tengu warrior
 11359 | D:13     | Killed a tengu warrior
 11507 | D:13     | Found Huibrop's Jewellery Boutique.
 11516 | D:13     | Reached XP level 12. HP: 96/96 MP: 12/12
 11525 | D:14     | Found a frozen archway.
 11605 | D:14     | Found a radiant altar of Vehumet.
 11609 | IceCv    | Entered an ice cave
 12297 | IceCv    | Noticed an ice dragon
 12298 | IceCv    | Noticed an ice dragon
 12298 | IceCv    | Noticed an Executioner
 12591 | IceCv    | Killed an ice dragon
 12591 | IceCv    | Reached skill level 1 in Invocations
 12609 | IceCv    | Killed an ice dragon
 12609 | IceCv    | Reached skill level 13 in Long Blades
 12814 | D:14     | Noticed Urug
 12824 | D:14     | Killed Urug
 12879 | D:14     | Noticed Kirke
 12892 | D:14     | Killed Kirke
 13410 | D:13     | Noticed a death knight
 13419 | D:13     | Killed a death knight
 13477 | D:13     | Killed PeterMcNeter's ghost
 14042 | D:13     | Noticed a centaur warrior
 14053 | D:13     | Killed a centaur warrior
 14053 | D:13     | Gained mutation: You have hooves in place of feet. [demonic ancestry]
 14053 | D:13     | Reached XP level 13. HP: 105/106 MP: 16/16
 14528 | D:12     | Reached skill level 10 in Fighting
 14528 | D:12     | Reached skill level 5 in Invocations
 14590 | D:12     | Found a staircase to the Orcish Mines.
 14840 | D:11     | Reached ****** piety under Makhleb
 14864 | D:11     | Found a roughly hewn altar of Beogh.
 14945 | D:11     | Noticed Feta's ghost (journeyman FoFi)
 14955 | D:11     | Paralysed by a hornet for 1 turns
 14974 | D:11     | Slain by Feta's ghost

Skill      XL: |  1  2  3  4  5  6  7  8  9 10 11 12 13 |
---------------+----------------------------------------+-----
Long Blades    | 2 3 4 5 7 8 10 11 12 13 | 13.9
Armour         | 3 4 5 6 8 9 |  9.3
Shields        | 3 4 |  4.4
Fighting       | 4 6 7 8 9 10 | 10.1
Dodging        | 3 5 6 7 8 |  8.1
Invocations    | 4 5 |  5.6

Action                   |  1- 3 |  4- 6 |  7- 9 | 10-12 | 13-15 || total
-------------------------+-------+-------+-------+-------+-------++-------
Melee: Long sword        |   124 |   136 |   374 |   803 |       ||  1437
       Scimitar          |       |       |       |   100 |   167 ||   267
       Kick              |       |       |       |       |    66 ||    66
Invok: Minor Destruction |       |       |       |     1 |       ||     1
       Lesser Servant of |       |       |       |     4 |       ||     4
       Greater Servant o |       |       |       |     1 |       ||     1
 Abil: Evoke Berserk Rag |       |       |     9 |    20 |     1 ||    30
Evoke: Wand              |       |       |       |     2 |     8 ||    10
  Use: Scroll            |       |     7 |     1 |    13 |       ||    21
       Potion            |       |     1 |     8 |     8 |     1 ||    18
 Stab: Paralysed         |       |       |       |       |     8 ||     8
  Eat: Chunk             |       |     7 |    10 |    14 |     2 ||    33
       Ration            |       |       |     3 |     9 |       ||    12
Armor: Scale mail        |    54 |    65 |   118 |    46 |       ||   283
       Chain mail        |       |       |       |   211 |       ||   211
       Ice dragon scales |       |       |       |    39 |    49 ||    88
Dodge: Dodged            |    28 |    39 |    87 |   224 |    63 ||   441
Block: Shield            |    58 |    61 |   164 |   348 |    60 ||   691
       Rpst.: Long sword |     8 |    10 |    33 |    48 |       ||    99
       Scimitar          |       |       |       |     7 |    11 ||    18
